 Dungeon Crawl Stone Soup version 0.32-a0-685-g93135e86f0 (webtiles) character file.

Game seed: 8777791986079062737

7717 ezpacito the Chopper (level 11, -5/129 HPs)
             Began as a Coglin Chaos Knight on Mar 13, 2024.
             Was a Plaything of Xom.
             Slain by a yak (6 damage)
             ... on level 9 of the Dungeon.
             The game lasted 00:12:51 (7472 turns).

ezpacito the Chopper (Coglin Chaos Knight)          Turns: 7472, Time: 00:12:52

Health: -5/129     AC: 25    Str: 21    XL:     11   Next: 19%
Magic:  16/16      EV:  2    Int: 12    God:    Xom [.*....]
Gold:   565        SH:  0    Dex: 13    Spells: 4/17 levels left

rFire   . . .        x - +7 short sword "Loacai Qorgh" {heavy, Str+4}
rCold   . . .        g - +10 spear of the Equator {flame, ^Fragile +Blink rElec Will+}
rNeg    . . .        n - melded +1 plate armour {Will+}
rPois   +            s - melded +0 helmet
rElec   +            (cloak currently unavailable)
rCorr   .            (gloves currently unavailable)
SInv    .            w - melded +1 pair of boots
Will    +....        (no amulet)
Stlth   +++          (no ring)
HPRegen 0.41/turn    (no ring)
MPRegen 0.15/turn    (no gizmo)

%: no passive effects
@: mighty, lethally poisoned (-5 -> -6), tree-form, revved
A: stationary, stasis, torment immunity, boosted hp, off-hand wielding, slow
wielding, warmup strikes, (no jewellery), (deformed body), sense surroundings 1,
(electricity resistance), (heat vulnerability 1), subdued magic 1
a: Invent Gizmo, Renounce Religion, Evoke Blink


You were on level 9 of the Dungeon.
You worshipped Xom.
You were a plaything of Xom.
You were a tree.
You visited 2 branches of the dungeon, and saw 10 of its levels.

You collected 565 gold pieces.

Inventory:

Hand Weapons
 a - a +0 hand axe of chaos {Leofsige}
 g - the +10 spear of the Equator (offhand) {flame, ^Fragile +Blink rElec Will+}
   (You found it on level 2 of the Dungeon)

   rElec:     It insulates you from electricity.
   Will+:     It increases your willpower.
   +Blink:    It lets you blink.
   ^Fragile:  It will be destroyed if unequipped.
 x - the +7 short sword "Loacai Qorgh" (weapon) {heavy, Str+4}
   (You found it on level 4 of the Dungeon)

   Str+4:     It affects your strength (+4).
Missiles
 d - 8 boomerangs (quivered)
 p - 22 poisoned darts
 C - a curare-tipped dart
Armour
 n - a +1 plate armour of willpower (melded)
 s - a +0 helmet (melded)
 w - a +1 pair of boots (melded)
Magical Staves
 h - a staff of fire
 z - a staff of earth
Talismans
 q - a beast talisman
Wands
 e - a wand of mindburst (21)
 m - a wand of paralysis (29)
Scrolls
 c - a scroll of amnesia {unknown}
 j - 2 scrolls of torment
 t - a scroll of teleportation
 v - 3 scrolls of noise
 y - a scroll of fog
Potions
 b - a potion of brilliance
 o - a potion of lignification
 B - a potion of cancellation


   Skills:
 * Level 7.8 Fighting
 * Level 7.8(8.5) Axes
 + Level 4.3(6.3) Polearms
 * Level 6.7 Armour
 * Level 6.5 Dodging
 + Level 4.1 Stealth
 + Level 3.8 Spellcasting
 + Level 3.9 Summonings
 + Level 5.4 Evocations


You had 4 spell levels left.
You knew the following spells:

 Your Spells              Type           Power      Damage    Failure   Level
a - Freeze                Ice            4%         1d3       19%         1
b - Summon Small Mammal   Summ           32%        N/A       3%          1
c - Summon Hydra          Summ           4%         N/A       100%        7
d - Summon Blazeheart Go  Fire/Summ      5%         N/A       67%         4

Your spell library contained the following spells:

 Spells                   Type           Power      Damage    Failure   Level
 Call Imp                 Summ           16%        N/A       5%          2
 Call Canine Familiar     Summ           8%         N/A       12%         3
 Sublimation of Blood     Necr           1%         N/A       30%         2
 Frozen Ramparts          Ice            2%         1d1       52%         3
 Hailstorm                Conj/Ice       1%         3d5       52%         3


Dungeon Overview and Level Annotations

Branches:
Dungeon (9/15)             Temple (1/1) D:6            Lair (0/5) D:8
    Orc: D:9-12

Altars:
Ashenzari
Cheibriados
Dithmenos
Elyvilon
Gozag
Hepliaklqana
Makhleb
Nemelex Xobeh
Okawaru
Qazlal
Ru
Sif Muna
Trog
Uskayaw
Vehumet
Xom
Yredelemnul
Zin
The Shining One

Shops:
D:4 (

Portals:
Bailey: D:9

Annotations:
D:5 3 runed translucent doors, cjoo's ghost, novice AtSu


Innate Abilities, Weirdness & Mutations

You are a tree.
Your roots penetrate the ground, keeping you stationary.
You cannot be teleported.
You are immune to unholy pain and torment.
Your maximum health is greatly increased.
Your equipment is partially melded.
You can wield a second weapon in your off-hand.
It takes a long time for you to wield or remove held weapons.
Your first few attacks do less damage.
((You cannot equip rings or amulets.))
((Armour fits poorly on your strangely shaped body.))
You passively map a small area around you.
((You are resistant to electric shocks. (rElec)))
((You are vulnerable to heat. (rF-)))
Your spells are a little easier to cast, but a little less powerful.


Message History

You turn into a tree.
Your +0 helmet melds into your body.
Your +1 pair of boots melds into your body.
Your +1 plate armour of willpower melds into your body.
You feel less strong-willed.
Your roots penetrate the ground.
* * * LOW HITPOINT WARNING * * *
You feel very sick.
The scorpion stings you but does no damage.
You now have 6/129 hp.
You barely miss the scorpion with the +7 short sword "Loacai Qorgh".
You puncture the scorpion with the +10 spear of the Equator!
You burn the scorpion.
* * * LOW HITPOINT WARNING * * *
You feel sick.
The scorpion stings you but does no damage.
You take 2 damage, and have 4/129 hp.
You barely miss the scorpion with the +7 short sword "Loacai Qorgh".
The scorpion is almost dead.
You barely miss the scorpion with the +10 spear of the Equator.
* * * LOW HITPOINT WARNING * * *
You feel sick.
The scorpion stings you but does no damage. x2
You take 1 damage, and have 3/129 hp.
You puncture the scorpion with the +7 short sword "Loacai Qorgh"!
You kill the scorpion!
The yak returns to its original shape as it dies.
* * * LOW HITPOINT WARNING * * *
You feel sick.
You take 1 damage, and have 2/129 hp.
You puncture the yak with the +10 spear of the Equator!
You burn the yak.
The yak is moderately wounded.
You impale the yak with the +7 short sword "Loacai Qorgh"!!
* * * LOW HITPOINT WARNING * * *
You feel sick.
The yak gores you but does no damage. x2
You closely miss the yak with the +10 spear of the Equator.
The yak is almost dead.
You hit the yak with the +7 short sword "Loacai Qorgh".
* * * LOW HITPOINT WARNING * * *
You feel sick. The yak gores you.
You die...

#.....>....+ ,
#..........#*
*#####** *
#..........#####....#
####+######.......# *
* ,* #.......# ,
#.......# * , ,
#.......# * *
##.#+#+## #♣# * .#
#Y#* .# * ,... ,,, .#
....., .+ #[).... .##
#......., ..#
#........ * ..#
#......... ).# ,


You could see a yak.

Vanquished Creatures
  A shadow (D:9)
  A wyvern (D:7)
  3 yaks (D:9)
  2 steam dragons
  2 water moccasins
  4 orc warriors
  A centaur (D:8)
  2 kobold brigands
  2 bullfrogs
  3 scorpions
  9 wights
  6 killer bees (D:9)
  3 howler monkeys (D:7)
  2 bombardier beetles
  4 hounds
  A jelly (D:6)
  3 orc priests
  3 sleepcaps
  2 gnoll boudas
  5 iguanas
  8 orc wizards
  A hound skeleton (D:2)
  8 gnolls
  16 adders
  A shadow imp (D:6)
  2 white imps (D:8)
  2 adder skeletons (D:2)
  2 adder zombies (D:2)
  A ribbon worm (D:3)
  3 dart slugs
  32 orcs
  7 ball pythons
  10 endoplasms
  4 giant cockroaches
  7 goblins
  7 hobgoblins
  7 jackals
  4 quokkas
  A ball python skeleton (D:2)
  A ball python zombie (D:2)
  2 bats
  8 frilled lizards
  A giant cockroach zombie (D:2)
  11 kobolds
  5 rats
210 creatures vanquished.

Vanquished Creatures (others)
  An adder (D:3)
  An orc (D:3)
  A giant cockroach (D:3)
3 creatures vanquished.

Grand Total: 213 creatures vanquished

Notes
Turn   | Place    | Note
-------+----------+-------------------------------------------
     0 | D:1      | ezpacito the Coglin Chaos Knight began the quest for the
                  | Orb.
     0 | D:1      | Reached XP level 1. HP: 18/18 MP: 1/1
    34 | D:1      | XOM: silly message
    73 | D:1      | Reached skill level 1 in Dodging
    79 | D:1      | Reached XP level 2. HP: 17/24 MP: 2/2
    92 | D:1      | XOM: divination: detect creatures
   389 | D:1      | Reached XP level 3. HP: 29/29 MP: 3/3
   674 | D:1      | XOM: cloud trail
   844 | D:1      | XOM: enchant monster (good)
  1040 | D:2      | Identified the +10 spear of the Equator {flame, ^Fragile
                  | +Blink rElec Will+}
  1076 | D:2      | Reached XP level 4. HP: 35/35 MP: 4/4
  1123 | D:2      | XOM: noise
  1168 | D:2      | Reached XP level 5. HP: 32/41 MP: 5/5
  1187 | D:2      | XOM: divination: detect creatures
  1222 | D:2      | XOM: confuse monster(s)
  1224 | D:2      | Reached skill level 1 in Polearms
  1224 | D:2      | Reached skill level 1 in Stealth
  1373 | D:2      | XOM: divination: detect creatures
  1603 | D:2      | XOM: give mutation
  1603 | D:2      | Gained mutation: You are occasionally teleported next to
                  | monsters. [Xom's mischief]
  1892 | D:3      | XOM: divination: detect items
  1897 | D:3      | Reached skill level 1 in Spellcasting
  2141 | D:3      | XOM: silly message
  2165 | D:3      | Found a faded altar of an unknown god.
  2324 | D:3      | XOM: potion effect (brilliance)
  2326 | D:3      | Noticed a steam dragon
  2329 | D:3      | Reached XP level 6. HP: 48/48 MP: 7/7
  2412 | D:3      | XOM: silly message
  2572 | D:3      | Killed a steam dragon
  2694 | D:4      | XOM: torment (25/48 hp)
  2754 | D:4      | XOM: give mutations
  2754 | D:4      | Gained mutation: You have supernaturally acute eyesight.
                  | (SInv) [Xom's mischief]
  2754 | D:4      | Gained mutation: You are vulnerable to heat. (rF-) [Xom's
                  | mischief]
  2754 | D:4      | Gained mutation: Your spells are a little easier to cast,
                  | but a little less powerful. [Xom's mischief]
  2754 | D:4      | Lost mutation: You have supernaturally acute eyesight.
                  | (SInv) [Xom's mischief]
  2884 | D:4      | Reached XP level 7. HP: 54/54 MP: 8/8
  2885 | D:4      | Identified the +7 short sword "Loacai Qorgh" {heavy, Str+4}
  3047 | D:4      | Found Jideck's Weapon Shop.
  3433 | D:4      | XOM: give mutations
  3433 | D:4      | Gained mutation: Your health recovers twice as slowly from
                  | being drained. [Xom's mischief]
  3433 | D:4      | Gained mutation: You are resistant to electric shocks.
                  | (rElec) [Xom's mischief]
  3505 | D:5      | Entered Level 5 of the Dungeon
  3557 | D:5      | Found a sparkling altar of Nemelex Xobeh.
  3576 | D:5      | XOM: confusion
  3582 | D:5      | Reached skill level 1 in Evocations
  3584 | D:5      | XOM: 1-stop teleportation journey
  3782 | D:5      | Learned a level 1 spell: Freeze
  3784 | D:5      | Learned a level 1 spell: Summon Small Mammal
  3792 | D:5      | Learned a level 7 spell: Summon Hydra
  3930 | D:5      | XOM: give mutations
  3930 | D:5      | Gained mutation: You passively map a small area around you.
                  | [Xom's mischief]
  3930 | D:5      | Gained mutation: You are dopey. (Int -2) [Xom's mischief]
  4016 | D:5      | Found a runed translucent gate.
  4016 | D:5      | Found a runed translucent gate.
  4017 | D:5      | Found a runed translucent gate.
  4023 | D:5      | Noticed cjoo's ghost (novice AtSu)
  4300 | D:6      | Reached XP level 8. HP: 51/61 MP: 10/10
  4348 | D:6      | Found a staircase to the Ecumenical Temple.
  4359 | Temple   | Entered the Ecumenical Temple
  4546 | D:6      | Found an iron altar of Okawaru.
  4557 | D:6      | Reached skill level 1 in Summonings
  4558 | D:6      | Reached skill level 5 in Fighting
  4558 | D:6      | Reached skill level 5 in Axes
  4570 | D:6      | XOM: silly message
  4636 | D:6      | Found a snail-covered altar of Cheibriados.
  4738 | D:6      | XOM: fog
  5010 | D:6      | XOM: god gift: 17 gold pieces
  5136 | D:7      | Noticed a wyvern
  5139 | D:7      | XOM: enchant monster (good)
  5176 | D:7      | Killed a wyvern
  5262 | D:7      | XOM: divination: detect creatures
  5430 | D:7      | Reached XP level 9. HP: 68/68 MP: 12/12
  5490 | D:7      | XOM: god gift: 40 gold pieces
  5621 | D:7      | XOM: 2-stop teleportation journey
  6052 | D:8      | Found a burning altar of Makhleb.
  6248 | D:8      | XOM: swap monsters
  6259 | D:8      | Learned a level 4 spell: Summon Blazeheart Golem
  6389 | D:8      | XOM: enchant monster (bad)
  6522 | D:8      | Reached skill level 5 in Armour
  6742 | D:8      | XOM: god gift: robe {god gift}
  6767 | D:8      | Found a staircase to the Lair.
  6925 | D:8      | Reached skill level 5 in Dodging
  6975 | D:8      | XOM: cast spell 'Death Channel'
  7284 | D:8      | XOM: god gift: 20 gold pieces
  7336 | D:9      | Found a flagged portal.
  7387 | D:9      | Reached XP level 10. HP: 57/76 MP: 14/14
  7450 | D:9      | Lost mutation: You are dopey. (Int -2) [potion of mutation]
  7450 | D:9      | Lost mutation: You are occasionally teleported next to
                  | monsters. [potion of mutation]
  7450 | D:9      | Lost mutation: Your health recovers twice as slowly from
                  | being drained. [potion of mutation]
  7450 | D:9      | Gained mutation: Your muscles are strong. (Str +4, Int/Dex
                  | -1) [potion of mutation]
  7450 | D:9      | Lost mutation: Your muscles are strong. (Str +4, Int/Dex
                  | -1) [potion of mutation]
  7450 | D:9      | Gained mutation: Armour fits poorly on your strangely
                  | shaped body. [potion of mutation]
  7451 | D:9      | Reached skill level 5 in Evocations
  7451 | D:9      | Reached XP level 11. HP: 32/85 MP: 14/16
  7460 | D:9      | XOM: polymorph yak -> scorpion
  7467 | D:9      | HP: 6/129 [poisoned by a scorpion]
  7470 | D:9      | HP: 2/129 [poisoned by a scorpion]
  7472 | D:9      | Slain by a yak

Illustrated notes

Levels and vault maps discovered:
D:1:      amcnicky_arrival_double_pillar, layout_basic, serial_forest,
          infiniplex_forest_clump_tiny, infiniplex_forest_corner_1,
          infiniplex_forest_clump_long, infiniplex_forest_lined_room_2,
          infiniplex_forest_pool, infiniplex_forest_zigzag_2,
          infiniplex_forest_end_1, infiniplex_forest_clump_double,
          minmay_unequal
D:2:      layout_basic, serial_undead, serial_undead_e, serial_undead_c,
          serial_undead_c, serial_undead_f, serial_undead_f, serial_undead_f
D:3:      layout_rooms, shapermc_ecumenical_altar_petra, hex_intersection,
          minivault_26, nrook_mini_backslash, wad_rectangle_vault
D:4:      layout_gridville, serial_shops, shop
D:5:      layout_basic, amcnicky_altar_gilded, gammafunk_ghost_necromancy
D:6:      layout_basic, lemuel_doored_altar, okawaru_ov_weapons_minmay,
          minmay_temple_entry_junction_2, nicolae_half_adder
D:7:      layout_loops_corners, nicolae_benzene_ring
D:8:      layout_basic, mainiacjoe_overflow_cross_hatched, lair_entry_dummy,
          grunt_tough_drop
D:9:      cheibrodos_two_vegetables, layout_basic, enter_bailey_2
Temple:   minmay_freezing_vapour_temple

Skill      XL: |  1  2  3  4  5  6  7  8  9 10 |
---------------+-------------------------------+-----
Dodging        | 1 2 3 4 5 6 |  6.5
Armour         | 2 3 4 5 6 |  6.7
Polearms       | 1 2 3 4 |  4.3
Stealth        | 1 2 3 4 |  4.1
Spellcasting   | 1 2 3 |  3.8
Fighting       | 4 5 6 7 |  7.8
Axes           | 4 5 6 7 |  7.8
Evocations     | 1 2 3 5 |  5.4
Summonings     | 1 2 3 |  3.9

Action                     |  1- 3 |  4- 6 |  7- 9 | 10-12 || total
---------------------------+-------+-------+-------+-------++-------
  Melee: Hand axe          |    86 |   104 |   160 |       ||   350
         Dagger            |    75 |    67 |       |       ||   142
         Spear             |       |    56 |   228 |    31 ||   315
         Short sword       |       |       |     6 |    30 ||    36
    Use: Potion            |       |     4 |     5 |     4 ||    13
         Scroll            |       |     9 |    10 |       ||    19
   Stab: Sleeping          |     1 |     2 |    11 |       ||    14
         Confused          |     1 |       |     1 |       ||     2
         Paralysed         |       |     1 |       |       ||     1
         Distracted        |       |     1 |       |       ||     1
 Armour: Leather armour    |    50 |       |       |       ||    50
         Chain mail        |    12 |   107 |       |       ||   119
         Skin              |       |    31 |       |     7 ||    38
         Steam dragon scal |       |     3 |   163 |       ||   166
         Plate armour      |       |       |    10 |    31 ||    41
  Dodge: Dodged            |    40 |    53 |   139 |     8 ||   240

Table legend: (Time is in decaauts)
 A = Elapsed time spent in this place.
 B = Non-inter-level travel time spent in this place.
 C = Inter-level travel time spent in this place.
 D = Time resting spent in this place.
 E = Time spent auto-exploring this place.
 F = Levels seen in this place.
 G = Mean time per level.
                   A        B        C        D        E       F      G
               +--------+--------+--------+--------+--------+-----+--------+
         Total |   7488 |   7210 |    278 |    359 |   5434 |  10 |  748.8 |
       Dungeon |   7486 |   7209 |    277 |    359 |   5434 |   9 |  831.8 |
        Temple |      1 |      1 |      0 |      0 |      0 |   1 |    1.0 |
               +--------+--------+--------+--------+--------+-----+--------+

Top non-repeatable levels by time:
     D:8: 1293 daAuts
     D:1: 963 daAuts
     D:7: 893 daAuts
     D:2: 885 daAuts
     D:4: 883 daAuts
     D:6: 821 daAuts
     D:3: 793 daAuts
     D:5: 774 daAuts
     D:9: 177 daAuts
  Temple: 1 daAuts
